 Dungeon Crawl Stone Soup version 0.24.1-8-ga250c9d538 (webtiles) character file.

Game seed: 14718290213320073629, levelgen mode: deterministic

653 Peloso the Skirmisher (level 7, 0/55 HPs)
             Began as a Demonspawn Fighter on Apr 27, 2020.
             Succumbed to Duvessa's poison
             ... on level 4 of the Dungeon.
             The game lasted 00:08:34 (3912 turns).

Peloso the Skirmisher (Demonspawn Fighter)          Turns: 3912, Time: 00:08:35

Health: 0/55       AC: 13    Str: 19    XL:     7   Next: 29%
Magic:  7/7        EV: 13    Int:  9    God:
Gold:   253        SH: 11    Dex: 17    Spells: 6/6 levels left

rFire    + . .     SeeInvis .   a - +0 long sword
rCold    . . .     Gourm    .   c - +1 shield
rNeg     . . .     Faith    .   b - +0 scale mail
rPois    .         Spirit   .   (no helmet)
rElec    .         Reflect  .   (no cloak)
rCorr    .         Harm     .   (no gloves)
MR       .....                  (no boots)
Stlth    +.........             (no amulet)
HPRegen  0.18/turn              (no ring)
MPRegen  0.10/turn              (no ring)

@: agile, lethally poisoned (0 -> -26), sanguine armour, hasted, very quick
A: fire resistance 1, flame cloud immunity, sanguine armour 1
a: no special abilities


You were on level 4 of the Dungeon.
You were hungry.

You visited 1 branch of the dungeon, and saw 4 of its levels.

You collected 311 gold pieces.
You spent 58 gold pieces at shops.

Inventory:

Hand Weapons
 a - a +0 long sword (weapon)
Armour
 b - a +0 scale mail (worn)
 c - a +1 shield (worn)
 s - a +0 pair of boots
Wands
 l - a wand of polymorph (9)
Scrolls
 d - a scroll of fog {unknown}
 e - 2 scrolls of enchant armour
 g - 3 scrolls of teleportation {unknown}
 h - 2 scrolls of remove curse {unknown}
 j - a scroll of amnesia {unknown}
 k - a scroll of identify
 n - a scroll of magic mapping {unknown}
 p - a scroll of enchant weapon {unknown}
 t - a scroll of blinking {unknown}
Potions
 m - a potion of brilliance
 o - a potion of invisibility
Comestibles
 f - 4 rations


   Skills:
 + Level 4.6 Fighting
 + Level 4.4 Long Blades
 + Level 3.9 Armour
 + Level 1.7 Dodging
 + Level 0.4 Stealth
 + Level 4.3 Shields
 + Level 0.3 Unarmed Combat


You had 6 spell levels left.
You didn't know any spells.
Your spell library was empty.

Dungeon Overview and Level Annotations

Branches:
Dungeon (4/15)
 Temple: D:4-7

Altars:
Cheibriados
Dithmenos
Gozag
Makhleb
Zin

Shops:
D:4 *

Annotations:
D:4 Dowan


Innate Abilities, Weirdness & Mutations

Your flesh is heat resistant. (rF+)
You are immune to clouds of flame.
When seriously injured, your bleeding wounds create armour. (AC +6)


Message History

You feel sick. Duvessa completely misses you. You block the worm's attack.
Unknown command.
You hit Duvessa but do no damage.
Duvessa is almost dead.
* * * LOW HITPOINT WARNING * * *
You feel sick. Duvessa hits you but does no damage.
You are more poisoned.
Unknown command.
Your shield prevents you from hitting Duvessa.
Duvessa is almost dead.
* * * LOW HITPOINT WARNING * * *
You feel sick. The worm misses you.
Duvessa hits you with a +1 rapier of venom.
* * * LOW HITPOINT WARNING * * *
You are more poisoned.
Unknown command.
You hit Duvessa.
You kill Duvessa!
You hear a distant wail of despair.
You die...

#.#...(...#...(...#...
#.#.......#.......#...
#.#.......#.......#...
#.##.....###..)..###..
#..##...## ##...## ##.
##..##'#######'#######
##....†..............
#...................
#..@)...............
####w#######'#######
#...# ##...## ##.
#.....###.....###..
#.......#.......#...
#.......#.......#...
#...?...#.......#...
##../..###.....###..
##...## ##...## ##.


You could see a worm.

Vanquished Creatures
  Duvessa (D:4)
  A bullfrog (D:4)
  A scorpion (D:4)
  A crimson imp (D:2)
  An orc priest (D:3)
  A bullfrog skeleton (D:4)
  An orc wizard (D:3)
  2 centaur skeletons (D:4)
  An iguana (D:4)
  Ijyb (D:3)
  Terence (D:2)
  A worker ant (D:3)
  5 adders
  A gnoll (D:4)
  A worm (D:4)
  4 dart slugs
  17 orcs
  2 ball pythons (D:2)
  3 giant cockroaches
  14 goblins
  10 hobgoblins
  6 jackals
  5 kobolds
  3 quokkas
  5 bats
  5 frilled lizards
  A leopard gecko skeleton (D:4)
  6 rats
101 creatures vanquished.

Vanquished Creatures (others)
  A scorpion (D:4)
  A howler monkey (D:4)
  A worker ant (D:4)
  A leopard gecko (D:4)
  A giant cockroach (D:4)
5 creatures vanquished.

Grand Total: 106 creatures vanquished

Notes
Turn   | Place    | Note
-------+----------+-------------------------------------------
     0 | D:1      | Peloso the Demonspawn Fighter began the quest for the Orb.
     0 | D:1      | Reached XP level 1. HP: 18/18 MP: 1/1
   524 | D:1      | Gained mutation: When seriously injured, your bleeding
                  | wounds create armour. (AC +6) [demonic ancestry]
   524 | D:1      | Reached XP level 2. HP: 24/24 MP: 2/2
  1228 | D:2      | Noticed Terence
  1247 | D:2      | Killed Terence
  1247 | D:2      | Gained mutation: Your flesh is heat resistant. (rF+)
                  | [demonic ancestry]
  1247 | D:2      | Reached XP level 3. HP: 10/29 MP: 3/3
  1485 | D:2      | Found an opulent altar of Gozag.
  1736 | D:2      | Reached XP level 4. HP: 35/35 MP: 4/4
  1848 | D:2      | Found a shadowy altar of Dithmenos.
  2518 | D:3      | Reached XP level 5. HP: 42/42 MP: 5/5
  2548 | D:3      | Found a glowing silver altar of Zin.
  2550 | D:3      | Found a burning altar of Makhleb.
  2580 | D:3      | Noticed an angel
  2582 | D:3      | Noticed an Executioner
  2670 | D:3      | Noticed Ijyb
  2681 | D:3      | Killed Ijyb
  2681 | D:3      | Reached skill level 1 in Dodging
  2835 | D:3      | Found a snail-covered altar of Cheibriados.
  3018 | D:3      | Gained mutation: You are immune to clouds of flame.
                  | [demonic ancestry]
  3018 | D:3      | Reached XP level 6. HP: 43/48 MP: 6/6
  3406 | D:4      | Found Xoewkomo's Assorted Antiques.
  3412 | D:4      | Bought a brown potion for 18 gold pieces
  3412 | D:4      | Bought a scroll labeled YTUZUTHIOSCHO for 20 gold pieces
  3412 | D:4      | Bought a scroll labeled ZYITOC XASMOXY for 20 gold pieces
  3796 | D:4      | Reached XP level 7. HP: 32/55 MP: 7/7
  3880 | D:4      | Noticed Duvessa
  3880 | D:4      | Noticed Dowan
  3911 | D:4      | HP: 1/55 [Duvessa/+1 rapier of venom (2)]
  3912 | D:4      | Killed Duvessa
  3912 | D:4      | Succumbed to Duvessa's poison

Levels and vault maps discovered:
D:1:      minmay_arrival_widening_spiral_wide, layout_basic, st_stairs_2
D:2:      cheibrodos_greedy_goblins, layout_basic, nicolae_gozag_seed_capital,
          nicolae_dithmenos_through_a_glass_darkly, uniq_terence
D:3:      layout_basic, grunt_temple_overflow_order_and_chaos_2,
          marbit_many_paths, uniq_ijyb
D:4:      kennysheep_six_static_rooms, layout_basic, serial_shops, shop,
          minmay_hedge_maze, xom_confusion_cloud, uniq_duvessa

Skill      XL: |  1  2  3  4  5  6  7 |
---------------+----------------------+-----
Shields        | 3 4 |  4.3
Long Blades    | 2 3 4 |  4.4
Armour         | 3 |  3.9
Dodging        | 1 |  1.7
Fighting       | 4 |  4.6
Stealth        | |  0.4
Unarmed Combat | |  0.3

Action                   |  1- 3 |  4- 6 |  7- 9 || total
-------------------------+-------+-------+-------++-------
Melee: Long sword        |   171 |   245 |    47 ||   463
       Unarmed           |       |     6 |       ||     6
  Use: Potion            |     4 |     2 |     3 ||     9
       Scroll            |       |     5 |     1 ||     6
  Eat: Chunk             |     2 |     8 |       ||    10
Armor: Scale mail        |    76 |   112 |    20 ||   208
Dodge: Dodged            |    45 |    99 |    24 ||   168
Block: Shield            |    90 |   119 |    34 ||   243
       Rpst.: Long sword |    10 |    32 |     9 ||    51
